AoeStats
← PINHEAD

Arena

506307277Analyzed
4v4 RM · 19d ago on Sep 13, 2026· 45m 44s· 8 players
Game mode
Random Map
Map size
Large (8 player)
Population
200
Speed
Normal
Resources
Standard
Victory
Conquest
Starting age
Dark Age
Ending age
Imperial Age
RankedLock teamsTeams togetherTeam positionsShared explorationLock speedFull tech treeHidden civsTurbo modeCheats
Victory
Defeat
🇨🇱 Khmer · Chile
1419
+11
🇨🇱 Japanese · Chile
1334
+14
🇨🇱 Mongols · Chile
1259
+17
🇨🇱 Romans · Chile
1211
+20
🇺🇸 Cumans · United States
1334
-17
🇺🇸 Portuguese · United States
1333
-17
🇲🇽 Celts · Mexico
1261
-14
🇺🇸 Britons · United States
1249
-14
[KKCK]nachoalbo_
11:32 Feudal Age
14:14 Castle Age
13:14 Double-Bit Axe
13:12 Horse Collar
16:49 Bow Saw
16:41 Heavy Plow
21:49 Wheelbarrow
22:00 Gold Mining
22:04 Stone Mining
23:19 Hand Cart
23:05 Town Watch
28:12 Imperial Age
25:31 Loom
27:18 Bloodlines
27:09 Husbandry
27:56 Scale Barding Armor
28:27 Forging
29:40 Crop Rotation
30:12 Chain Barding Armor
31:34 Plate Barding Armor
30:44 Elite Battle Elephant
34:01 Iron Casting
33:39 Tusk Swords
34:00 Conscription
38:47 Blast Furnace
41:06 Ballistics
41:46 Chemistry
40:30 Heavy Scorpion
40:48 Light Cavalry
41:58 Siege Engineers
42:18 Fletching
43:48 Hussar
[KKCK]elSalmon
10:16 Feudal Age
14:31 Castle Age
12:24 Loom
12:31 Fletching
12:52 Double-Bit Axe
15:58 Bodkin Arrow
23:16 Wheelbarrow
23:54 Redemption
24:33 Bow Saw
25:07 Town Watch
27:38 Fortified Wall
36:27 Gold Mining
36:28 Stone Mining
40:42 Horse Collar
43:36 Imperial Age
42:09 Gold Shaft Mining
42:29 Forging
42:19 Scale Mail Armor
42:38 Man-at-Arms
43:57 Iron Casting
43:41 Long Swordsman
44:43 Chain Mail Armor
44:39 Legionary
46:26 Blast Furnace
45:54 Squires
The Geo
11:26 Feudal Age
11:53 Feudal Age
12:37 Double-Bit Axe
15:38 Castle Age
13:45 Horse Collar
18:27 Fervor
21:53 Stone Mining
23:09 Bow Saw
24:20 Loom
24:28 Gold Mining
26:38 Fletching
27:02 Pikeman
27:59 Bodkin Arrow
28:40 Town Watch
30:12 Forging
30:03 Padded Archer Armor
33:08 Imperial Age
31:18 Scale Barding Armor
32:54 Wheelbarrow
33:00 Wheelbarrow
33:35 Leather Archer Armor
34:05 Ballistics
34:12 Conscription
34:07 Bloodlines
35:00 Bracer
35:54 Heavy Plow
36:03 Husbandry
38:29 Chemistry
38:58 Siege Engineers
38:57 Heavy Camel Rider
41:15 Iron Casting
41:01 Chain Barding Armor
43:19 Elite Mangudai
44:33 Thumb Ring
44:59 Parthian Tactics
44:49 Onager
john wick
10:55 Feudal Age
12:37 Wheelbarrow
15:13 Castle Age
13:30 Double-Bit Axe
14:02 Horse Collar
20:29 Forging
20:20 Scale Mail Armor
24:19 Loom
25:18 Fervor
25:39 Chain Mail Armor
26:13 Squires
25:59 Arson
26:04 Gambesons
28:34 Iron Casting
36:34 Stone Mining
36:52 Fletching
37:52 Bodkin Arrow
38:41 Hand Cart
38:13 Town Watch
40:04 Heavy Plow
43:36 Imperial Age
41:58 Padded Archer Armor
42:18 Elite Skirmisher
44:12 Leather Archer Armor
45:20 Chemistry
45:12 Bracer
45:43 Ring Archer Armor
45:37 Ballistics
[VL]_EoMeR_
11:25 Feudal Age
15:41 Castle Age
13:49 Horse Collar
13:54 Man-at-Arms
14:50 Double-Bit Axe
19:38 Scale Mail Armor
20:42 Forging
28:47 Wheelbarrow
not sure
8:48 Feudal Age
9:30 Double-Bit Axe
11:21 Horse Collar
16:53 Wheelbarrow
19:47 Castle Age
18:26 Scale Barding Armor
19:50 Bloodlines
19:52 Forging
20:06 Capped Ram
21:00 Bow Saw
21:25 Chain Barding Armor
22:43 Gold Mining
28:05 Hand Cart
32:42 Imperial Age
33:47 Iron Casting
32:46 Cavalier
34:02 Plate Barding Armor
34:07 Iron Casting
34:37 Pikeman
35:17 Squires
35:24 Scale Mail Armor
35:42 Loom
35:57 Paladin
37:32 Halberdier
38:28 Chain Mail Armor
[um] The Inland taipan
10:32 Feudal Age
14:44 Castle Age
15:36 Fletching
36:54 Imperial Age
37:51 Wheelbarrow
PINHEAD
10:24 Feudal Age
14:22 Castle Age
12:42 Double-Bit Axe
13:06 Horse Collar
15:37 Bow Saw
17:34 Wheelbarrow
17:14 Heavy Plow
18:54 Loom
20:16 Gold Mining
23:31 Stone Mining
24:25 Hand Cart
28:36 Imperial Age
26:41 Fletching
27:11 Bodkin Arrow
27:40 Ballistics
27:21 Padded Archer Armor
28:22 Gold Shaft Mining
27:44 Pikeman
28:40 Leather Archer Armor
28:34 Squires
28:55 Murder Holes
29:41 Conscription
29:23 Bracer
30:01 Ring Archer Armor
29:32 Scale Mail Armor
29:46 Forging
29:55 Halberdier
31:55 Iron Casting
31:54 Chain Mail Armor
33:26 Plate Mail Armor
33:58 Blast Furnace
34:00 Chemistry
34:14 Elite Longbowman
36:26 Yeomen
36:58 Arson
38:03 Treadmill Crane
38:59 Siege Engineers
39:08 Fortified Wall
43:31 Warwolf
Connection lost

Rejoining the realm…

Still unreachable

The connection could not be restored.

Session expired

The server has moved on; the page needs a fresh start.